 Dungeon Crawl Stone Soup version 0.27-a0-1140-g099f9bb0e8 (webtiles) character file.

Game seed: 13904580306694124009

338 Armakuni the Skirmisher (level 6, -10/51 HPs)
             Began as a Human Wanderer on May 9, 2021.
             Killed by divine providence
             ... invoked by an orc priest
              (12 damage)
             ... on level 3 of the Dungeon.
             The game lasted 00:08:08 (3353 turns).

Armakuni the Skirmisher (Human Wanderer)            Turns: 3353, Time: 00:08:09

Health: -10/51     AC:  5    Str: 14      XL:     6   Next: 85%
Magic:  6/6        EV: 11    Int: 11 (14) God:
Gold:   119        SH:  4    Dex:  8 (11) Spells: 5/5 levels left

rFire    . . .     SeeInvis .   a - +2 hand axe
rCold    . . .     Faith    .   h - +0 buckler
rNeg     . . .     Spirit   .   i - +0 ring mail
rPois    .         Reflect  .   (no helmet)
rElec    .         Harm     .   (no cloak)
rCorr    .         Rampage  .   (no gloves)
Will     .....                  (no boots)
Stlth    ..........             (no amulet)
HPRegen  0.17/turn              (no ring)
MPRegen  0.10/turn              (no ring)

@: no status effects
A: no striking features
a: no special abilities


You were on level 3 of the Dungeon.
You visited 1 branch of the dungeon, and saw 3 of its levels.

You collected 119 gold pieces.

Inventory:

Hand Weapons
 a - a +2 hand axe (weapon)
Missiles
 f - 13 poisoned darts (quivered)
Armour
 h - a +0 buckler (worn)
 i - a +0 ring mail (worn)
Scrolls
 e - 2 scrolls of amnesia
 g - a scroll of noise
Potions
 c - 2 potions of lignification


   Skills:
 - Level 5.0 Fighting
 + Level 3.8 Axes
 - Level 1.0 Throwing
 - Level 2.1 Armour
 - Level 2.9 Dodging
 - Level 4.0 Shields


You had 5 spell levels left.
You didn't know any spells.
Your spell library contained the following spells:

 Spells                   Type           Power      Damage    Failure   Level
 Beastly Appendage        Tmut           0%         N/A       56%         1
 Wereblood                Tmut           0%         N/A       71%         2
 Spider Form              Tmut/Pois      0%         N/A       91%         3
 Ice Form                 Ice/Tmut       0%         N/A       100%        4
 Hydra Form               Tmut           0%         N/A       100%        5


Dungeon Overview and Level Annotations

Branches:
Dungeon (3/15)

Altars:
Fedhas
Nemelex Xobeh


Message History

Press: ? - help, Q - select action, (/) - cycle Shift-Dir - straight line, f/p - orc priest
Aim: an orc priest, wielding a +0 whip and wearing a +0 leather armour (moderately wounded, 56% to hit, chance to blind on hit: 75%)
You throw an atropa-tipped dart.
The atropa-tipped dart barely misses the orc priest.
The orc priest closely misses you.
An orc comes into view. It is wielding a +0 hand axe.
You block the orc's attack.
Throw: dart (atropa)
Press: ? - help, Q - select action, (/) - cycle Shift-Dir - straight line, f/p - orc priest
Aim: an orc priest, wielding a +0 whip and wearing a +0 leather armour (moderately wounded, 56% to hit, chance to blind on hit: 75%)
You throw an atropa-tipped dart.
The atropa-tipped dart hits the orc priest.
The orc priest appears confused.
The orc priest is moderately wounded.
The orc shouts!
The orc priest hits you with a +0 whip. The orc closely misses you.
You catch the helpless orc priest completely off-guard!
You hit the orc priest.
The orc priest is heavily wounded.
You hit the orc.
The orc priest seems less confused.
The orc priest invokes the aid of Beogh against you.
Pain shoots through your body!
* * * LOW HITPOINT WARNING * * *
The orc misses you. The orc priest closely misses you.
You hit the orc priest.
The orc priest is severely wounded.
You hit the orc.
You kill the orc!
The orc priest hits you with a +0 whip.
* * * LOW HITPOINT WARNING * * *
You feel better.
The orc priest invokes the aid of Beogh against you.
Beogh smites you!
* * * LOW HITPOINT WARNING * * *
You hit the orc priest.
The orc priest is severely wounded.
The orc priest is no longer blind.
The orc priest mumbles some strange prayers to Beogh against you.
Beogh smites you!
You die...

#.####### #...
##.###### #.###
#...≈...≈ ##.## #
#...# #.......
.#..# # ###.#
#.....o #..# # #.#
#.....oh #..# #.#
##..≈...o #..# #.#
#.. ##..# ## #.#
#)#########...####.
#>#
#)@oo..(.(.........
#.#
########.####.#####
#.# #.# #.# #.# #.#
#.# #.#
#.####.#####
#.########
#..........#
#...)...)#
#.####.##...
########.# #.#
#....## #)# #.#
#...##.


You could see an orc priest and an orc.

Vanquished Creatures
  An ice beast (D:3)
  2 orc priests (D:3)
  2 orc wizards (D:2)
  4 gnolls (D:2)
  2 worms (D:2)
  2 dart slugs
  12 orcs (D:3)
  3 ball pythons
  4 bats
  An endoplasm (D:3)
  4 giant cockroaches
  4 goblins
  2 hobgoblins
  9 jackals
  5 kobolds
  6 frilled lizards
  5 rats (D:1)
68 creatures vanquished.

Vanquished Creatures (collateral kills)
  2 adders (D:2)
  A worm (D:2)
  A dart slug (D:2)
  A kobold (D:2)
5 creatures vanquished.

Grand Total: 73 creatures vanquished

Notes
Turn   | Place    | Note
-------+----------+-------------------------------------------
     0 | D:1      | Armakuni the Human Wanderer began the quest for the Orb.
     0 | D:1      | Armakuni set off with the following items: a +2 hand axe, a
                  | potion of curing, a potion of lignification, a +0 robe
     0 | D:1      | Reached XP level 1. HP: 21/21 MP: 1/1
   118 | D:1      | Reached XP level 2. HP: 23/27 MP: 2/2
   537 | D:1      | Reached XP level 3. HP: 33/33 MP: 3/3
   578 | D:1      | You fall into a shaft and drop 1 floor!
   797 | D:3      | Noticed an ice beast
  1062 | D:2      | Reached skill level 1 in Dodging
  1206 | D:2      | Reached XP level 4. HP: 36/39 MP: 4/4
  1394 | D:2      | Found a blossoming altar of Fedhas.
  1710 | D:2      | Found a faded altar of an unknown god.
  2079 | D:3      | Reached XP level 5. HP: 42/44 MP: 5/5
  2157 | D:3      | Killed an ice beast
  2158 | D:3      | Reached XP level 6. HP: 51/51 MP: 6/6
  3134 | D:3      | Found a sparkling altar of Nemelex Xobeh.
  3352 | D:3      | HP: 2/51 [orc priest/divine providence (14)]
  3353 | D:3      | Killed from afar by an orc priest

Illustrated notes

Levels and vault maps discovered:
D:1:      minmay_arrival_checkered_box, layout_basic
D:2:      layout_loops_ring, basic_altar, ebering_ecumenical_altar_webs
D:3:      cheibrodos_pilgrimage, layout_loops_ring, nemelex_dance_club_becter,
          uniq_sigmund

Skill      XL: |  1  2  3  4  5  6 |
---------------+-------------------+-----
Axes           | 2 3 |  3.8
Dodging        | 1 2 |  2.9
Shields        | 3 4 |  4.0
Fighting       | |  5.0
Throwing       | |  1.0
Armour         | |  2.1

Action                   |  1- 3 |  4- 6 || total
-------------------------+-------+-------++-------
Melee: Hand axe          |    80 |   188 ||   268
Throw: Dart              |       |    11 ||    11
  Use: Scroll            |     4 |     1 ||     5
       Potion            |     1 |     6 ||     7
 Stab: Distracted        |     1 |       ||     1
       Invisible         |       |     2 ||     2
Armor: Robe              |    18 |     1 ||    19
       Skin              |     7 |    51 ||    58
       Ring mail         |       |    31 ||    31
Dodge: Dodged            |    40 |    58 ||    98
Block: Buckler           |       |    35 ||    35

Table legend: (Time is in decaauts)
 A = Elapsed time spent in this place.
 B = Non-inter-level travel time spent in this place.
 C = Inter-level travel time spent in this place.
 D = Time resting spent in this place.
 E = Time spent auto-exploring this place.
 F = Levels seen in this place.
 G = Mean time per level.
                   A        B        C        D        E       F      G
               +--------+--------+--------+--------+--------+-----+--------+
         Total |   3402 |   3316 |     86 |   1240 |   1299 |   3 | 1134.0 |
       Dungeon |   3402 |   3316 |     86 |   1240 |   1299 |   3 | 1134.0 |
               +--------+--------+--------+--------+--------+-----+--------+

Top non-repeatable levels by time:
     D:3: 1452 daAuts
     D:2: 1146 daAuts
     D:1: 803 daAuts
